 Dungeon Crawl Stone Soup version 0.28-a0-1567-g1695149f81 (webtiles) character file.

Game seed: 4093997732800063205

51 Pin the Chopper (level 3, -1/31 HPs)
             Began as a Hill Orc Monk on Jan 20, 2022.
             Slain by knot's ghost (2 damage)
             ... on level 3 of the Dungeon.
             The game lasted 00:03:22 (2387 turns).

Pin the Chopper (Hill Orc Monk)                     Turns: 2387, Time: 00:03:23

Health: -1/31      AC:  6    Str: 15    XL:     3   Next: 81%
Magic:  3/3        EV: 10    Int: 10    God:
Gold:   115        SH:  0    Dex: 13    Spells: 2/2 levels left

rFire   + . .      SeeInvis .   j - +1 war axe (distort)
rCold   . . .      Faith    .   (no shield)
rNeg    . . .      Spirit   .   h - +0 scale mail
rPois   .          Reflect  .   (no helmet)
rElec   .          Harm     .   (no cloak)
rCorr   .          Rampage  .   (no gloves)
Will    .....                   (no boots)
Stlth   ..........              (no amulet)
HPRegen 0.10/turn               f - ring of protection from fire
MPRegen 0.08/turn               (no ring)

@: no status effects
A: no striking features
a: no special abilities


You were on level 3 of the Dungeon.
You visited 1 branch of the dungeon, and saw 3 of its levels.

You collected 115 gold pieces.

Inventory:

Hand Weapons
 j - a +1 war axe of distortion (weapon)
Armour
 h - a +0 scale mail (worn)
Jewellery
 f - a ring of protection from fire (left hand)
Scrolls
 a - a scroll of teleportation {unknown}
 b - a scroll of acquirement {unknown}
 c - a scroll of vulnerability {unknown}
 d - 2 scrolls of identify {unknown}
 i - a scroll of magic mapping {unknown}
Potions
 e - a potion of mutation {unknown}
 g - a potion of attraction {unknown}


   Skills:
 - Level 3.6 Fighting
 - Level 4.0 Axes
 + Level 3.6 Armour
 - Level 2.4 Dodging
 - Level 1.5 Stealth


You had 2 spell levels left.
You didn't know any spells.
Your spell library contained the following spells:

 Spells                   Type           Power      Damage    Failure   Level
 Frozen Ramparts          Ice            0%         1d2       99%         3
 Ignite Poison            Fire/Tmut/Pois 0%         N/A       99%         3
 Mephitic Cloud           Conj/Pois/Air  0%         N/A       99%         3
 Portal Projectile        Hex/Tloc       0%         N/A       99%         3
 Ice Form                 Ice/Tmut       0%         N/A       100%        4
 Summon Ice Beast         Ice/Summ       0%         N/A       100%        4
 Blade Hands              Tmut           0%         N/A       100%        5
 Excruciating Wounds      Necr           0%         N/A       100%        5
 Freezing Cloud           Conj/Ice/Air   0%         6-21      100%        5


Dungeon Overview and Level Annotations

Branches:
Dungeon (3/15)

Altars:

Shops:
D:1 [((=

Annotations:
D:3 knot's ghost, amateur DsBe


Message History

Found 23 sling bullets.
Found a runed translucent door.
a - a scroll labelled QAWONNESOTO
Found 23 bolts.
Knot's ghost turns its malevolent gaze towards you.
You open the door. You miss knot's ghost. Knot's ghost barely misses you.
Knot's ghost closely misses you.
You barely miss knot's ghost. Knot's ghost barely misses you.
You hit knot's ghost but do no damage.
Knot's ghost blinks!
Knot's ghost shrieks, "Do you think the gods will protect you?"
There is an open translucent door here.
You closely miss knot's ghost. Knot's ghost hits you!
You closely miss knot's ghost. Knot's ghost barely misses you.
Knot's ghost hits you but does no damage.
You barely miss knot's ghost. Knot's ghost hits you.
You closely miss knot's ghost.
Knot's ghost ripples.
Knot's ghost barely misses you.
You hit knot's ghost but do no damage.
Space warps around knot's ghost.
Knot's ghost is lightly damaged.
Knot's ghost hits you. Knot's ghost hits you!
* * * LOW HITPOINT WARNING * * *
You hit knot's ghost but do no damage.
Space warps horribly around knot's ghost!
Knot's ghost is heavily damaged.
Knot's ghost closely misses you.
You hit knot's ghost but do no damage.
Space warps around knot's ghost.
Knot's ghost is heavily damaged.
Knot's ghost hits you.
* * * LOW HITPOINT WARNING * * *
You closely miss knot's ghost.
Knot's ghost is heavily damaged.
Knot's ghost barely misses you.
You hit knot's ghost but do no damage.
Knot's ghost is heavily damaged.
Knot's ghost hits you.
* * * LOW HITPOINT WARNING * * *
Knot's ghost hits you.
You die...

##### #.(.#
#.≈.# #.≈.#
#.≈.# .. #.≈.#
#.# ##W## ..
#@..# #.##...#
#.(#..##
#.#.##########
#.............
#...........#.
####..#######.#
+...........
####..######


You could see knot's ghost.

Vanquished Creatures
  A gnoll (D:1)
  An adder (D:3)
  A worm (D:2)
  5 ball pythons (D:1)
  3 endoplasms
  2 giant cockroaches
  5 goblins
  4 hobgoblins
  A kobold (D:1)
  A frilled lizard (D:1)
  3 rats
27 creatures vanquished.

Notes
Turn   | Place    | Note
-------+----------+-------------------------------------------
     0 | D:1      | Pin the Hill Orc Monk began the quest for the Orb.
     0 | D:1      | Reached XP level 1. HP: 19/19 MP: 1/1
    40 | D:1      | Reached skill level 1 in Armour
   213 | D:1      | Found Toerr's Jewellery Emporium.
   303 | D:1      | Reached XP level 2. HP: 12/26 MP: 2/2
   499 | D:1      | Found a faded altar of an unknown god.
   830 | D:1      | Found Witocw's Weapon Emporium.
   852 | D:1      | Found Uchuq's Antique Armour Shoppe.
   864 | D:1      | Found Teatyu's Weapon Emporium.
   876 | D:1      | Reached XP level 3. HP: 27/31 MP: 3/3
  2357 | D:3      | Found a runed translucent door.
  2367 | D:3      | Noticed knot's ghost (amateur DsBe)
  2387 | D:3      | HP: 1/31 [knot's ghost (3)]
  2387 | D:3      | Slain by knot's ghost

Illustrated notes

Levels and vault maps discovered:
D:1:      nicolae_arrival_somewhat_less_tricky_arrival, layout_rooms,
          hellmonk_ecumenical_altar_heavens_door, serial_shops,
          nicolae_shop_bloodbath_and_beyond, shop_fountains, shop, shop
D:2:      layout_basic, minmay_fractal_squares_gapless_5
D:3:      layout_basic, ebering_ghost_reflecting_pool

Skill      XL: |  1  2  3 |
---------------+----------+-----
Armour         | 1 2 3 |  3.6
Fighting       | |  3.6
Axes           | |  4.0
Dodging        | |  2.4
Stealth        | |  1.5

Action                   || total
-------------------------++-------
Melee: Hand axe          ||   115
       War axe           ||    12
 Stab: Sleeping          ||     1
Armor: Robe              ||    11
       Scale mail        ||    15
Dodge: Dodged            ||    69

Table legend: (Time is in decaauts)
 A = Elapsed time spent in this place.
 B = Non-inter-level travel time spent in this place.
 C = Inter-level travel time spent in this place.
 D = Time resting spent in this place.
 E = Time spent auto-exploring this place.
 F = Levels seen in this place.
 G = Mean time per level.
                   A        B        C        D        E       F      G
               +--------+--------+--------+--------+--------+-----+--------+
         Total |   2400 |   2321 |     79 |    228 |   1795 |   3 |  800.0 |
       Dungeon |   2400 |   2321 |     79 |    228 |   1795 |   3 |  800.0 |
               +--------+--------+--------+--------+--------+-----+--------+

Top non-repeatable levels by time:
     D:1: 1406 daAuts
     D:2: 683 daAuts
     D:3: 310 daAuts
